 Dungeon Crawl Stone Soup version 0.18.1-50-g88ac8fd (webtiles) character file.

9 ololoev the Skirmisher (level 2, 20/36 HPs)
             Began as a Demonspawn Berserker on Oct 28, 2016.
             Was a Follower of Trog.
             Quit the game on level 3 of the Dungeon.
             The game lasted 00:01:25 (140 turns).

ololoev the Skirmisher (Demonspawn Berserker)        Turns: 140, Time: 00:01:26

Health: 20/36      AC:  5    Str: 22    XL:     2   Next: 3%
Magic:  2/2        EV: 11    Int:  8    God:    Trog [*.....]
Gold:   13         SH:  0    Dex: 12    Spells: 0 memorised, 1 level left

rFire  . . .     SeeInvis .     a - +0 hand axe
rCold  . . .     Gourm    .     e - +0 ring mail
rNeg   . . .     Faith    .     (no shield)
rPois  .         Spirit   .     (no helmet)
rElec  .         Dismiss  .     (no cloak)
rCorr  .         Reflect  .     (no gloves)
SustAt .         Harm     .     (no boots)
MR     .....                    (no amulet)
Stlth  ..........               (no ring)
                                (no ring)

@: berserking, very quick, not resistant to hostile enchantments, extremely
unstealthy
A: claws 1
a: Berserk, Burn Spellbooks, Renounce Religion


Innate Abilities, Weirdness & Mutations

You have sharp fingernails.

Inventory:

Hand Weapons
 a - a +0 hand axe (weapon)
Armour
 e - a +0 ring mail (worn)
Potions
 b - a potion of brilliance {unknown}
Comestibles
 c - a bread ration
 d - a meat ration


   Skills:
 + Level 3.2 Fighting
 * Level 3.0 Axes
 + Level 1.9 Armour
 - Level 1.7 Dodging


You had one spell level left.
You didn't know any spells.


You were on level 3 of the Dungeon.
You worshipped Trog.
Trog was aware of your devotion.
You were not hungry.

You visited 1 branch of the dungeon, and saw 3 of its levels.

You collected 13 gold pieces.

#.# #.#..... #.#
#.#..... #.# #
#....... #.# .#
#######. #.#
########.# # #.
.#####.###........#.#
..
...................?..
..
..#########.....?..#
#...@....#
#..........#
....#.###.#.#.#
###.#.# .(... ..#..
..... ...##. .....
.... .. .... ### ..
....

Notes
Turn   | Place    | Note
--------------------------------------------------------------
     0 | D:1      | ololoev the Demonspawn Berserker began the quest for the Orb.
     0 | D:1      | Reached XP level 1. HP: 18/18 MP: 1/1
     0 | D:1      | Goblin1989: я чего-то не понимаю а где cao?
     0 | D:1      | Goblin1989: блин
     0 | D:1      | Goblin1989: знаки препинания забыл
     0 | D:1      | Goblin1989: я чего-то не понимаю. а где cao?
     0 | D:1      | ololoev: хз, зачем тебе?
     0 | D:1      | Goblin1989: веблайлы там не работают
     0 | D:1      | ololoev: а зачем они там?
     2 | D:1      | Goblin1989: ну мне интересно
    43 | D:2      | ololoev: 0.19 выкатывают видимо
    72 | D:3      | Goblin1989: лол
   139 | D:3      | Gained mutation: You have sharp fingernails. [demonic ancestry]
   139 | D:3      | Reached XP level 2. HP: 20/24 MP: 2/2
   140 | D:3      | Goblin1989: на xcx это делается за одну секунду
   140 | D:3      | Quit the game

Dungeon Overview and Level Annotations

Branches:
Dungeon (3/15)

Altars:


Message History

There is a stone staircase leading down here.
HP restored.
b - a murky grey potion You see here a mace.
There is a stone staircase leading down here.
You climb downwards.
An orc comes into view. It is wielding a hand axe.
The orc shouts!
Found a hand axe and 21 stones.
There is a stone staircase leading up here.
You hit the orc.
The orc is moderately wounded.
The orc barely misses you.
You hit the orc.
The orc is severely wounded.
The orc hits you with a hand axe!
You hit the orc.
You kill the orc!
Trog accepts your kill.
No target in view!
No target in view!
No target in view!
No target in view!
No target in view!
No target in view!
No target in view!
No target in view!
Things that are here:
a hand axe; a leather armour; an orc corpse You now have 13 gold pieces.
A rat comes into view.
The rat bites you but does no damage.
You closely miss the rat. The rat bites you but does no damage.
You barely miss the rat. The rat barely misses you.
You barely miss the rat. The rat bites you but does no damage.
You hit the rat but do no damage. The rat barely misses you. x2
You hit the rat.
You kill the rat!
Trog accepts your kill.
No target in view!
No target in view!
No target in view!
No target in view!
A bat comes into view.
You hit the bat but do no damage. The bat misses you.
The bat barely misses you.
You hit the bat.
You kill the bat!
Trog accepts your kill.
No target in view!
No target in view!
No target in view!
No target in view!
Found 17 sling bullets.
A worm comes into view.
Found a scroll labeled DAGOCS JAJYI.
Use which ability? (? or * to list)
A red film seems to cover your vision as you go berserk!
You feel yourself moving faster!
You feel mighty!
You feel somewhat more hungry.
You barely miss the worm. You hit the worm.
The worm is moderately wounded.
The worm bites you!
You are too injured to fight recklessly!
You are too injured to fight recklessly!
You are too injured to fight recklessly!
You are too injured to fight recklessly!
You are too injured to fight recklessly!
You are too injured to fight recklessly!
You are too injured to fight recklessly!
You slash the worm!
You kill the worm!
Trog accepts your kill.
Your Axes skill increases to level 3!
You have reached level 2!
You feel monstrous as your demonic heritage exerts itself.
Your demonic ancestry asserts itself...
Your fingernails lengthen.
Are you sure you want to abandon this character and quit the game? (Confirm with "yes".)

There were no monsters in sight!

Vanquished Creatures
  A worm (D:3)
  An orc (D:3)
  2 bats
  A kobold (D:2)
  A rat (D:3)
6 creatures vanquished.

Action                   || total
-------------------------++-------
Melee: Hand axe          ||    23
Invok: Berserk           ||     1
Armor: Animal skin       ||     9
       Ring mail         ||     3
Dodge: Dodged            ||    15

Vault maps used:
D:1:      sevenhm_arrival_forest_fort_large_3, fountainhead, grunt_decor_cap,
          roderic_lattice_a
D:2:      uniq_sigmund
D:3:      lemuel_coloured_pillars_altar
